[Event "Late-Titled-Tuesday-Blitz-February-20-2024"]
[Site "Chess.com"]
[Date "2024.02.20"]
[Round "2"]
[White "djano"]
[Black "babero_gordo"]
[Result "1-0"]
[WhiteElo "2668"]
[BlackElo "2161"]
[TimeControl "180+1"]
[EndTime "14:17:27 PST"]
[Termination "djano won by resignation"]

1. e4 c5 2. Nc3 e6 3. f4 Nc6 4. Nf3 d5 5. Bb5 d4 6. Ne2 Nf6 7. Bxc6+ bxc6 8. d3 Rb8 9. b3 Qa5+ 10. Bd2 Qc7 11. O-O Be7 12. Qe1 Ng4 13. Kh1 O-O 14. h3 Ne3 15. Bxe3 dxe3 16. Qc1 f5 17. e5 c4 18. bxc4 Bc5 19. d4 Bb4 20. Qxe3 Ba6 21.
c5 Qa5 22. a3 Qb5 23. axb4 Qxe2 24. Rfe1 Qc4 25. c3 Rb7 26. Nd2 Qd3 27. c4 Bxc4 28. Qxd3 Bxd3 29. Re3 Bb5 30. Rea3 a6 31. Rb3 Rd8 32. Nf3 Bc4 33. Rb2 Rdb8 34. Ra4 a5 35.
Rxa5 Rxb4 36. Rxb4 Rxb4 37. Ng5 Rb8 38. Ra7 Bd5 39.
Re7 h6 40. Nxe6 Rb1+ 41. Kh2 Rb2 42. Rxg7+ Kh8 43. Rg6 Bxe6 44. Rxe6 Kg7 45. Rxc6 Rd2 46. Rd6 Kf7 47. c6 Rc2 48. d5 Ke7 49. Rd7+ Ke8 50. e6 Rd2 51. c7 Rc2 52. Rd8+ Ke7 53. c8=Q Rxc8 54. Rxc8 h5 55. Rh8 h4 56. Rxh4 Kd6 57.
g4 Kxd5 58. gxf5 Kd6 59. Rh7 Kd5 60. Rd7+ Ke4 61. e7 1-0

[Event "Late-Titled-Tuesday-Blitz-February-20-2024"]
[Site "Chess.com"]
[Date "2024.02.20"]
[Round "2"]
[White "TokChess"]
[Black "Sargsyan_Shant"]
[Result "1/2-1/2"]
[WhiteElo "2563"]
[BlackElo "2901"]
[TimeControl "180+1"]
[EndTime "14:17:29 PST"]
[Termination "Game drawn by agreement"]

1. e4 g6 2. Nf3 Nf6 3. Nc3 d5 4. exd5 Nxd5 5. Bc4 Nxc3 6. dxc3 Qxd1+ 7. Kxd1 Bg7 8. Re1 Bg4 9. Be2 Nc6 10. Be3 O-O-O+ 11. Kc1 Bf6 12. h3 Be6 13. Bf4 a6 14. Rd1 Rxd1+ 15.
Kxd1 Rd8+ 16. Ke1 Bf5 17. Rc1 e5 18. Be3 Be7 19. Ng5 f6 20. Nf3 Be6 21. a3 Na5 22. Rd1 Nc4 23. Bc1 Nd6 24. Nd2 h5 25. Nb3 Nf5 26. Rxd8+ Kxd8 27. g4 hxg4 28. hxg4 Nh4 29. f3 b6 30. Kf2 a5 31. Be3 f5 32. gxf5 Nxf5 33. Bd2 a4 34. Nc1 Bc5+ 35. Kg2 c6 36. Nd3 Bd6 37. Nf2 Ke7 38. Ne4 Bc7 39. Bg5+ Kf7 40. Bd3 Bd5 41. Bd2 Bd8 42. c4 Be6 43.
Ng5+ Bxg5 44. Bxg5 Ke8 45. Bf6 Ne3+ 46. Kg3 Kf7 47.
Bxe5 Bxc4 48. Bd4 Bxd3 49. Bxe3 Bxc2 50. Bxb6 Ke6 51. Bd4 Kd5 52. Bc3 Bf5 53. Kf4 Kc4 54. Ke3 c5 55. Kf4 Kd3 56. Kg3 Ke3 57. f4 Ke4 58.
Be5 c4 59. Bc3 Be6 60. Bb4 Bd7 61. Bc3 Bc8 62. Bb4 Bf5 63. Bc3 Ke3 64. Bb4 Kd3 65.
Bc3 Kc2 66. Bf6 1/2-1/2

[Event "Late-Titled-Tuesday-Blitz-February-20-2024"]
[Site "Chess.com"]
[Date "2024.02.20"]
[Round "2"]
[White "ImportedItalianMaple"]
[Black "mbojan"]
[Result "0-1"]
[WhiteElo "2536"]
[BlackElo "2872"]
[TimeControl "180+1"]
[EndTime "14:17:29 PST"]
[Termination "mbojan won on time"]

1. Nf3 g6 2. e4 Nf6 3. e5 Nh5 4. d4 d6 5. Bb5+ c6 6. Bc4 d5 7.
Bd3 Bg4 8. Nbd2 Nf4 9. Bf1 Ne6 10.
h3 Bxf3 11. Nxf3 h5 12. c4 Bh6 13. Bxh6 Rxh6 14. Qd2 Rh8 15. Rc1 Kf8 16. Bd3 Kg7 17. O-O Na6 18. cxd5 Qxd5 19. Bc4 Qd7 20. Bxa6 bxa6 21.
b4 Rhd8 22. Rc4 Rab8 23. Qc3 Nc7 24. a3 Nb5 25. Qe3 Nc7 26. Rfc1 Nd5 27. Qe2 Rb6 28. Rc5 e6 29. R1c4 Rc8 30. Ng5 Rb5 31. Ne4 Rxc5 32. Rxc5 Nf4 33. Qc4 Qxd4 34. Nd6 Qd1+ 35.
Kh2 Ne2 36. Qxe2 Qxe2 37. Nxc8 Qxf2 38. Nxa7 Qf4+ 39. Kg1 Qe3+ 40. Kh2 Qxa3 41. Nxc6 h4 42. Kg1 Qe3+ 43. Kh2 Kh6 44. Rc4 g5 45. Rc5 Qe4 46.
Kg1 a5 0-1

[Event "Late-Titled-Tuesday-Blitz-February-20-2024"]
[Site "Chess.com"]
[Date "2024.02.20"]
[Round "2"]
[White "campochess"]
[Black "only_strong_moves"]
[Result "0-1"]
[WhiteElo "2162"]
[BlackElo "2670"]
[TimeControl "180+1"]
[EndTime "14:17:29 PST"]
[Termination "only_strong_moves won on time"]

1. Nc3 e6 2. d4 d5 3. e4 Bb4 4.
e5 c5 5. a3 Bxc3+ 6. bxc3 Ne7 7.
Qg4 Qc7 8. Qxg7 Rg8 9. Qxh7 cxd4 10. Qd3 dxc3 11. Nf3 Nbc6 12. Qxc3 d4 13. Nxd4 Nd5 14. Nb5 Qd8 15. Nd6+ Ke7 16. Qb2 f6 17. c4 Nb6 18.
f4 fxe5 19. fxe5 Na4 20. Qe2 Qa5+ 21. Bd2 Qxe5 22. Qxe5 Nxe5 23. Bb4 Kf6 24. Be2 Bd7 25. O-O+ Kg6 26. Nxb7 Bc6 27. Nc5 Kh7 28. g3 a5 29. Bc3 Nxc3 30. Rf2 Raf8 31. Nxe6 Nxe2+ 32. Kf1 Rxf2+ 33. Kxf2 Nc3 34. Nf4 Ng4+ 35. Ke1 Rd8 36. Rc1 Ne4 37. Ne6 Rd6 38. Nf4 Nxh2 39. c5 Rd4 40. Ke2 Nxg3+ 41. Kf2 Rxf4+ 42. Kxg3 Rf3+ 43. Kxh2 Rxa3 44. Rd1 Rc3 0-1

[Event "Late-Titled-Tuesday-Blitz-February-20-2024"]
[Site "Chess.com"]
[Date "2024.02.20"]
[Round "2"]
[White "Taran2004"]
[Black "Flawless_Fighter"]
[Result "1-0"]
[WhiteElo "2417"]
[BlackElo "2739"]
[TimeControl "180+1"]
[EndTime "14:17:30 PST"]
[Termination "Taran2004 won by resignation"]

1. e4 c5 2. Nf3 d6 3. d4 cxd4 4.
Qxd4 Nf6 5. e5 Nc6 6. Bb5 dxe5 7. Bxc6+ bxc6 8. Qxd8+ Kxd8 9. Nxe5 Be6 10. Nxc6+ Kc7 11. Nd4 Bd5 12. O-O e5 13. Nb5+ Kb6 14. N5c3 Bc6 15.
Be3+ Kc7 16. Nd2 Bb4 17. Ncb1 Nd5 18. c3 Be7 19. Re1 f5 20. Nc4 Nxe3 21. Nxe3 g6 22. Nd2 Rhd8 23. Ndc4 e4 24. Rad1 Bf6 25. Na5 Rab8 26. Rxd8 Bxd8 27. Nxc6 Kxc6 28. b3 Ba5 29. Rd1 f4 30. Nd5 Rd8 31. Ne7+ Kb5 32. Rxd8 Bxd8 33.
Nd5 g5 34. Kf1 Kc5 35. c4 Kd4 36. Ke2 h5 37. h4 f3+ 38. gxf3 exf3+ 39. Kxf3 gxh4 40.
Nf4 Kc3 41. c5 Kb2 42. Ne6 Ba5 43. c6 Kxa2 44. b4 Bb6 45. c7 Bxc7 46. Nxc7 Kb3 47.
b5 Kc4 48. Ke4 Kc5 49. f4 h3 50. Kf3 Kb6 51. Nd5+ Kxb5 52. f5 Kc6 53. f6 1-0

[Event "Late-Titled-Tuesday-Blitz-February-20-2024"]
[Site "Chess.com"]
[Date "2024.02.20"]
[Round "2"]
[White "MyDream003"]
[Black "semchik73"]
[Result "1-0"]
[WhiteElo "2749"]
[BlackElo "2420"]
[TimeControl "180+1"]
[EndTime "14:17:32 PST"]
[Termination "MyDream003 won by checkmate"]

1. Nf3 d5 2. b3 Nf6 3. Bb2 e6 4. e3 Be7 5. c4 O-O 6. Be2 b6 7. cxd5 exd5 8. O-O Bb7 9. d4 Ne4 10. Nc3 Nd7 11. Rc1 Ndf6 12. Bd3 Bb4 13. Ne2 Qe7 14. Nf4 Rad8 15. Qc2 Bd6 16. h3 c5 17. Rfd1 Rc8 18. Qe2 cxd4 19. Nxd4 Ba3 20. Nf5 Qb4 21. Bxe4 Bxb2 22. Qxb2 Qxe4 23. Nxg7 Rxc1 24. Rxc1 d4 25. Rc4 Kxg7 26. Rxd4 Qe5 27. Nh5+ Qxh5 28. Rg4+ Qxg4 29.
hxg4 Kg6 30. Qc2+ Be4 31. Qc7 Re8 32. f3 Bd3 33. e4 h5 34. gxh5+ Kxh5 35. Qd6 Bxe4 36. Qxf6 Bg6 37. g4+ Kh6 38. Kg2 Re2+ 39. Kg3 Re6 40. Qh8+ Bh7 41. Qf8+ Kg6 42. f4 Re3+ 43. Kh4 f6 44. f5# 1-0

[Event "Late-Titled-Tuesday-Blitz-February-20-2024"]
[Site "Chess.com"]
[Date "2024.02.20"]
[Round "2"]
[White "OverallStranger"]
[Black "HajiyevKanan"]
[Result "1-0"]
[WhiteElo "2351"]
[BlackElo "2504"]
[TimeControl "180+1"]
[EndTime "14:17:34 PST"]
[Termination "OverallStranger won by checkmate"]

1. d4 d5 2. c4 c6 3. cxd5 cxd5 4. Nc3 Nf6 5. Bf4 a6 6. e3 Nc6 7. a3 Bg4 8. Nf3 e6 9. h3 Bh5 10. Be2 Bd6 11. Ne5 Bxe2 12. Qxe2 Bxe5 13. dxe5 Nd7 14.
Qg4 g6 15. Qg3 Qb6 16. b4 Nxb4 17. Rb1 Qc5 18. O-O Nd3 19. Rb3 Qc4 20. Rfb1 N7c5 21.
Nxd5 Qxd5 22. Rb6 O-O 23. Bh6 Rfe8 24. f4 Qe4 25. Qh4 Nd7 26. Rxb7 N3c5 27. Rc7 Rac8 28. Rxc8 Rxc8 29. Kh2 Qxe3 30. Rb2 Qxa3 31. Rc2 Qd3 32. Rxc5 Rb8 33. Rc7 g5 34. Qxg5+ Qg6 35. Qxg6+ hxg6 36. Rxd7 Ra8 37. Bg5 a5 38. Rd3 a4 39. Rd2 Kf8 40. Ra2 Ra5 41. Bh4 Ke8 42. Bf2 Ra6 43.
Bc5 Kd7 44. Bd6 Kc6 45. Kg3 Kb5 46. Kf3 Kc4 47. Ke2 Kb3 48. Ra3+ Kb2 49. g4 Rxd6 50. exd6 Kxa3 51. d7 Kb2 52. d8=Q a3 53. Qb6+ Ka1 54.
Kd2 a2 55. Kc2 e5 56. Qb2# 1-0

[Event "Late-Titled-Tuesday-Blitz-February-20-2024"]
[Site "Chess.com"]
[Date "2024.02.20"]
[Round "2"]
[White "ukchessbomber"]
[Black "KuzubovYuriy"]
[Result "1-0"]
[WhiteElo "2608"]
[BlackElo "2967"]
[TimeControl "180+1"]
[EndTime "14:17:35 PST"]
[Termination "ukchessbomber won on time"]

1. c4 g6 2. b3 Bg7 3. Nc3 e5 4. Bb2 f5 5. e3 Nf6 6. g3 O-O 7. Bg2 Nc6 8. Nge2 d6 9. O-O Be6 10. Nd5 Ne8 11. b4 Qd7 12. d3 Nd8 13. a4 c6 14. Ndc3 a5 15. b5 Bf7 16. Ba3 Nf6 17.
Rb1 Rc8 18. Qb3 c5 19. b6 Nc6 20. Qb5 Rfd8 21. Nd5 Nxd5 22. cxd5 Nb4 23. Qc4 Qxa4 24. Nc3 Qd7 25. Nb5 Ra8 26. Nc7 Rab8 27. Rfc1 Rf8 28. Ne6 Rfe8 29. Nc7 Rec8 30. Nb5 Bf6 31. Na7 Rf8 32.
d4 exd4 33. exd4 Bxd4 34. Nb5 Bf6 35. Nc7 Rbc8 36. Ne6 Rfe8 37. Re1 Be5 38. Bb2 Bxb2 39. Rxb2 a4 40. Rbe2 Rb8 41. Qc3 Bxe6 42. Rxe6 Rxe6 43. Rxe6 Ra8 44. Qa3 Re8 45. Qe3 1-0

[Event "Late-Titled-Tuesday-Blitz-February-20-2024"]
[Site "Chess.com"]
[Date "2024.02.20"]
[Round "2"]
[White "Maect19"]
[Black "Marcin"]
[Result "1/2-1/2"]
[WhiteElo "2327"]
[BlackElo "2509"]
[TimeControl "180+1"]
[EndTime "14:17:35 PST"]
[Termination "Game drawn - insufficient material"]

1. Nf3 Nf6 2. c4 e6 3. Nc3 d5 4.
e3 b6 5. b3 Bb7 6. Bb2 Bd6 7.
d4 O-O 8. Bd3 c6 9. O-O Nbd7 10.
e4 dxe4 11. Nxe4 Nxe4 12. Bxe4 Nf6 13. Bc2 c5 14. Ne5 Qc7 15. Ng4 Nxg4 16. Qxg4 cxd4 17.
Bxd4 Bxh2+ 18. Kh1 Be5 19. Qh5 f5 20. Rad1 Rf6 21.
Be3 Rg6 22. f3 Bf4 23. Rd7 Qxd7 24. Bxf4 Qd4 25. Bh2 Rh6 26. Qg5 Qe5 27. Qxh6 Qe2 28. Qc1 Rd8 29. Re1 Qf2 30. Qe3 Qxe3 31. Rxe3 Rd2 32.
Rc3 g5 33. Bg1 f4 34. b4 h5 35. c5 bxc5 36. bxc5 Bc6 37. Bb3 Kf7 38. Rc1 g4 39.
Re1 gxf3 40. Rxe6 fxg2+ 41. Kh2 Bd5 42. Bxd5 Rxd5 43. Rc6 f3 44. Rc7+ Ke6 45. Kg3 Rf5 46. Kf2 h4 47. Bh2 h3 48. c6 Rc5 49. Rh7 Rc2+ 50.
Kxf3 Rxc6 51. Rh6+ Kd5 52. Rxc6 Kxc6 53. Kg3 Kb5 54.
Kxh3 Ka4 55. Kxg2 Ka3 56. Bd6+ Kxa2 57. Kf3 a5 58. Ke2 Kb3 59. Kd3 a4 60. Kd2 a3 61.
Bxa3 1/2-1/2

[Event "Late-Titled-Tuesday-Blitz-February-20-2024"]
[Site "Chess.com"]
[Date "2024.02.20"]
[Round "2"]
[White "NCchamp"]
[Black "Zq1"]
[Result "1-0"]
[WhiteElo "2325"]
[BlackElo "2499"]
[TimeControl "180+1"]
[EndTime "14:17:35 PST"]
[Termination "NCchamp won by resignation"]

1. d4 Nf6 2. Bg5 c5 3. Bxf6 gxf6 4. c3 d5 5. e3 e6 6. Nf3 Nc6 7. Bd3 f5 8. Nbd2 c4 9. Bc2 b5 10. b4 a5 11. a3 Qc7 12. Qe2 axb4 13. cxb4 Bxb4 14.
O-O Rxa3 15. Rfb1 Rxa1 16. Rxa1 Be7 17. Rb1 b4 18. Bd1 b3 19. Ne1 Bd6 20. h3 Ba6 21. Nxb3 O-O 22. Nd2 Rb8 23. Rxb8+ Qxb8 24. Ba4 c3 25.
Qxa6 cxd2 26. Nf3 Nb4 27. Qe2 Qa7 28. Bd1 Na2 29. Qxd2 Bb4 30. Qe2 Nc3 31. Qf1 Qa1 32.
Bc2 Qb2 33. Bd3 Kf8 34. Kh2 Bd6+ 35. Kg1 f4 36. exf4 Bxf4 37. g3 Bd6 38. Bxh7 f5 39.
Bg6 Ne4 40. Bh5 Bxg3 41. fxg3 Nxg3 42. Qf2 Nxh5 43. Qxb2 1-0

[Event "Late-Titled-Tuesday-Blitz-February-20-2024"]
[Site "Chess.com"]
[Date "2024.02.20"]
[Round "2"]
[White "jlf287"]
[Black "GnowReopard"]
[Result "0-1"]
[WhiteElo "2519"]
[BlackElo "2814"]
[TimeControl "180+1"]
[EndTime "14:17:36 PST"]
[Termination "GnowReopard won on time"]

1. d4 Nf6 2. c4 c5 3. d5 e6 4. Nc3 exd5 5. cxd5 d6 6. e4 g6 7. Nf3 Bg7 8. Nd2 O-O 9. Be2 Re8 10. O-O Na6 11. Re1 Nc7 12. Qc2 Rb8 13. a4 b6 14. Nc4 Ba6 15. Na3 Bxe2 16. Rxe2 a6 17. Nc4 b5 18. axb5 axb5 19. Na5 Ra8 20. Nc6 Qd7 21. Rxa8 Rxa8 22. e5 Nfxd5 23. exd6 Qxc6 24. dxc7 Nxc3 25. bxc3 Qxc7 26. g3 c4 27. Bf4 Ra1+ 28. Kg2 Qc6+ 29. f3 h5 30. Be5 Qd5 31.
Bxg7 Kxg7 32. Rd2 Qe5 33. Re2 Qf6 34. Qb2 Rd1 35. Qxb5 Qxc3 36. Qe5+ Qxe5 37. Rxe5 c3 38. Rc5 Rd2+ 39. Kh3 c2 40. g4 Kf6 41. Kg3 Ke6 42. gxh5 gxh5 43. h4 Kd6 44. Rc8 Ke5 45. Rc7 Kd4 46. Kf4 Kd3 47. Kg5 Rd1 48. Kxh5 c1=Q 49. Rxc1 Rxc1 50. Kg5 Rf1 0-1

[Event "Late-Titled-Tuesday-Blitz-February-20-2024"]
[Site "Chess.com"]
[Date "2024.02.20"]
[Round "2"]
[White "Happy1712Drummer"]
[Black "Thjop"]
[Result "0-1"]
[WhiteElo "2352"]
[BlackElo "2600"]
[TimeControl "180+1"]
[EndTime "14:17:37 PST"]
[Termination "Thjop won on time"]

1. e4 e6 2. d4 d5 3. e5 c5 4. c3 Nc6 5. Nf3 Bd7 6. a3 Nge7 7. h4 cxd4 8. cxd4 Nf5 9. g4 Nh6 10.
Rg1 Be7 11. Bd3 Qb6 12. Bc2 Ng8 13. h5 f6 14. Nc3 O-O-O 15. Na4 Qc7 16. Bf4 fxe5 17.
Nxe5 Bd6 18. Nxc6 Bxc6 19. Bxd6 Qxd6 20. Qe2 Nf6 21. f3 Rhe8 22. O-O-O h6 23. Qe5 Qxe5 24. dxe5 Nd7 25. f4 Rf8 26. Rd4 Bxa4 27. Bxa4 Nc5 28. Bc2 Kd7 29. f5 Ke7 30. Rf4 Nd7 31. Re1 Rc8 32. Kd2 a5 33. b4 axb4 34. axb4 b6 35.
Bb1 Nb8 36. Rff1 Nc6 37. fxe6 Rxf1 38. Rxf1 Nxe5 39. Bf5 Rc4 40. Ra1 Rc7 41. Ra8 Nc6 42.
b5 Nd4 43. Rg8 Nxe6 44. Ke3 Kd6 0-1

[Event "Late-Titled-Tuesday-Blitz-February-20-2024"]
[Site "Chess.com"]
[Date "2024.02.20"]
[Round "2"]
[White "cthulhuuu"]
[Black "PNEPaul"]
[Result "1-0"]
[WhiteElo "2422"]
[BlackElo "1986"]
[TimeControl "180+1"]
[EndTime "14:17:37 PST"]
[Termination "cthulhuuu won on time"]

1. e4 e5 2. Nf3 Nc6 3. Bb5 f5 4. Nc3 Nf6 5. d3 Be7 6. exf5 O-O 7. O-O d6 8. Bxc6 bxc6 9. d4 e4 10. Ng5 d5 11. Ne6 Bxe6 12. fxe6 Qd6 13. f3 Qxe6 14. Bf4 Bd6 15. Bxd6 cxd6 16. Qe2 Rae8 17. Rae1 Qd7 18. fxe4 dxe4 19. Qa6 d5 20. Nd1 Ng4 21. h3 Rxf1+ 22. Rxf1 Nf6 23. Ne3 h6 24. Qe2 Nh7 25. Qf2 Rf8 26. Qg3 Rxf1+ 27. Kxf1 Qf7+ 28. Ke2 Nf6 29. Kd2 Kh7 30. Qf4 Qg6 31. Qf5 Nh5 32.
Ke1 Ng3 33. Qxg6+ Kxg6 34. Kf2 Nf5 35. g3 Nxd4 36. c3 Nf3 37. Ng4 Kf7 38. Ke3 h5 39.
Nf2 g5 40. Nd3 Ke7 41. Nb4 Kd6 42. c4 dxc4 43. Kxe4 Nd2+ 44. Kf5 c5 45. Nc2 Nf3 46. Ne3 1-0

[Event "Late-Titled-Tuesday-Blitz-February-20-2024"]
[Site "Chess.com"]
[Date "2024.02.20"]
[Round "2"]
[White "ChessSkool"]
[Black "czasnaszachy"]
[Result "1-0"]
[WhiteElo "2739"]
[BlackElo "2388"]
[TimeControl "180+1"]
[EndTime "14:17:38 PST"]
[Termination "ChessSkool won on time"]

1. d4 Nf6 2. Nf3 e6 3. c3 c5 4. Bf4 d5 5. e3 Bd6 6. Nbd2 O-O 7. Bd3 Qc7 8. Bxd6 Qxd6 9. dxc5 Qxc5 10. Qe2 Nc6 11. e4 dxe4 12. Nxe4 Nxe4 13. Bxe4 Bd7 14. O-O Rad8 15. Rfd1 Bc8 16. h4 h6 17. a4 a5 18.
Qb5 Qe7 19. Bxc6 bxc6 20. Qxa5 c5 21. Qb6 Bb7 22. Ne5 Ba8 23. Nc6 Bxc6 24. Qxc6 Rb8 25. Rd2 Rfc8 26. Qe4 c4 27. a5 Qa7 28. Ra4 Qa6 29. Qf4 Rb5 30. Rxc4 Rxc4 31. Qxc4 Qxa5 32. Rd8+ Kh7 33. Qd3+ f5 34. b4 Qa1+ 35. Kh2 Rd5 36. Rxd5 exd5 37. Qxf5+ Kh8 38. Qc8+ Kh7 39. b5 Qb2 40.
Qf5+ Kh8 41. Qxd5 Qxc3 42. h5 Qc7+ 43. g3 Qc2 44. Kg2 Qb1 45. Qa8+ Kh7 46. Qc6 1-0

[Event "Late-Titled-Tuesday-Blitz-February-20-2024"]
[Site "Chess.com"]
[Date "2024.02.20"]
[Round "2"]
[White "best926"]
[Black "Iuckyducky"]
[Result "0-1"]
[WhiteElo "2489"]
[BlackElo "2308"]
[TimeControl "180+1"]
[EndTime "14:17:38 PST"]
[Termination "Iuckyducky won by resignation"]

1. d4 Nf6 2. c4 e6 3. Nf3 b6 4. g3 Bb7 5. Bg2 Be7 6. O-O O-O 7. b3 c5 8. Bb2 d6 9. Nc3 Nbd7 10. Qc2 Qc7 11. Rad1 a6 12. e4 e5 13. d5 Ne8 14. Ne1 Rb8 15. Nd3 Bc8 16. f4 b5 17.
f5 bxc4 18. bxc4 Nb6 19. Ne2 Nf6 20. h3 h5 21. Nf2 Nxc4 22. Bc1 Nb6 23. g4 h4 24. g5 Nh7 25. Kh1 Bd7 26. Ng1 Ba4 27. Qe2 Bxd1 28. Rxd1 Bxg5 29. Nf3 Bxc1 30. Rxc1 Qe7 31.
Qe3 Na4 32. Rg1 Rb2 33. Ng4 Rfb8 34. Bf1 Rxa2 35. f6 Nxf6 36. Qg5 Kf8 37. Qxh4 Rbb2 38.
Qh8+ Ng8 39. Nh6 Qf6 40. Qxg8+ Ke7 41. Qxf7+ Qxf7 42. Nxf7 Kxf7 43. h4 Nc3 44. Bh3 Nxe4 45. Be6+ Kf6 46. Rf1 Ng3+ 47. Kg1 Nxf1 0-1

[Event "Late-Titled-Tuesday-Blitz-February-20-2024"]
[Site "Chess.com"]
[Date "2024.02.20"]
[Round "2"]
[White "ArtemDyachuk"]
[Black "LyonBeast"]
[Result "0-1"]
[WhiteElo "2652"]
[BlackElo "3159"]
[TimeControl "180+1"]
[EndTime "14:17:41 PST"]
[Termination "LyonBeast won on time"]

1. d4 Nf6 2. Nf3 d5 3. c4 c6 4.
cxd5 cxd5 5. Bf4 Nc6 6. e3 Nh5 7. Bg5 h6 8. Bh4 g5 9. Bg3 Bg7 10. Nc3 O-O 11. Bd3 Bg4 12. a3 Rc8 13. O-O Nxg3 14.
hxg3 e5 15. dxe5 Nxe5 16. Be2 Nc4 17. Qxd5 Nxb2 18. Qxd8 Rfxd8 19. Nb5 a6 20. Nbd4 Bxd4 21. Nxd4 Rxd4 22. exd4 Bxe2 23. Rfb1 Na4 24. Rxb7 Bb5 25. Re1 Nc3 26. Ree7 Rf8 27. Kh2 Nd5 28. Re5 Rd8 29. f3 Kg7 30. Ra7 Kg6 31. g4 Rd6 32. Ra8 Nf6 33. Rc5 Rxd4 34. Rc7 Rd2 35. Raa7 h5 36. gxh5+ Nxh5 37. Rxf7 Nf4 38. Rg7+ Kf6 39. Kh1 Rd1+ 40. Kh2 Rd2 41. Kh1 Nxg2 42. Raf7+ Ke6 43. Re7+ Kd6 44. Re4 Nh4 45. Rxg5 Nxf3 46. Rg6+ Kd5 47. Rg5+ Kxe4 0-1

[Event "Late-Titled-Tuesday-Blitz-February-20-2024"]
[Site "Chess.com"]
[Date "2024.02.20"]
[Round "2"]
[White "DrVelja"]
[Black "xakevicius91"]
[Result "1-0"]
[WhiteElo "2978"]
[BlackElo "2592"]
[TimeControl "180+1"]
[EndTime "14:17:41 PST"]
[Termination "DrVelja won by resignation"]

1. e4 c5 2. Nf3 e6 3. c3 Nf6 4. e5 Nd5 5. d4 cxd4 6. cxd4 d6 7. Bc4 Be7 8. O-O O-O 9. Qe2 b6 10. Bxd5 exd5 11. Nc3 dxe5 12. dxe5 Be6 13. Nd4 Qd7 14. f4 Bc5 15. Be3 Nc6 16. Qd2 Rac8 17. h3 Rfd8 18.
Rad1 g6 19. Kh1 Nxd4 20. Bxd4 Bxd4 21. Qxd4 Bxh3 22. Qf2 Qc6 23. Ne2 Bg4 24. Nd4 Qc4 25. Rd2 Qc7 26. Re1 Qe7 27. Qg3 h5 28. f5 gxf5 29. e6 Qg5 30. Rf2 Qg6 31. exf7+ Kxf7 32. Re6 Qg5 33. Kh2 h4 34. Qe5 Re8 35. Nxf5 Rxe6 36.
Ne7+ Kxe7 37. Qxg5+ Kd6 38. Qxg4 Rce8 39. Qxh4 Re4 40. Rf6+ R8e6 41. Rxe6+ Rxe6 42. Qd8+ Kc6 43. g4 Rd6 44. Qe8+ Kc7 45. Qe3 d4 46. Qd3 Kc6 47.
Kg3 Kd5 48. Kf4 Rf6+ 49. Kg5 Re6 50. Kf5 Re3 51. Qb5+ Kd6 52. g5 d3 53. g6 d2 54.
Qb4+ 1-0

[Event "Late-Titled-Tuesday-Blitz-February-20-2024"]
[Site "Chess.com"]
[Date "2024.02.20"]
[Round "2"]
[White "SHIVACalypso"]
[Black "Agentxya"]
[Result "1-0"]
[WhiteElo "2496"]
[BlackElo "2261"]
[TimeControl "180+1"]
[EndTime "14:17:41 PST"]
[Termination "SHIVACalypso won on time"]

1. c4 c6 2. g3 d5 3. Bg2 g6 4.
Nf3 Bg7 5. O-O e5 6. d3 Ne7 7.
Nbd2 O-O 8. Qc2 h6 9. Rb1 Be6 10. b4 f5 11. b5 e4 12. Ne1 Nd7 13. Bb2 Nf6 14. bxc6 bxc6 15. Ba3 Rf7 16. Rb7 Bc8 17. Rxe7 Rxe7 18. Bxe7 Qxe7 19. cxd5 cxd5 20. dxe4 dxe4 21. Qb3+ Be6 22. Qa4 Nd5 23. f3 Nc3 24. Qa6 e3 25. Nb3 Rd8 26. f4 Kh7 27. Nc5 Qxc5 28. Qxe6 Nxe2+ 29.
Kh1 Nd4 30. Qxe3 Rc8 31. Nd3 Qc2 32. Ne5 Qc3 33. Qf2 Ne6 34. Rd1 Rc7 35. h4 Bxe5 36. fxe5 Qxe5 37. Rf1 Qg7 38. Re1 Re7 39. Qe2 Qf7 40. Bd5 Qf6 41. Bxe6 Kg7 42. Qc4 Qb2 43. Re2 Qb1+ 44. Kh2 Qf1 45. Qd4+ Kh7 46. Qc4 Kg7 47. Rc2 Qf3 48. Qd4+ Kh7 49. Bd5 1-0

[Event "Late-Titled-Tuesday-Blitz-February-20-2024"]
[Site "Chess.com"]
[Date "2024.02.20"]
[Round "2"]
[White "pfalcon1949"]
[Black "wild3000"]
[Result "1/2-1/2"]
[WhiteElo "2000"]
[BlackElo "2416"]
[TimeControl "180+1"]
[EndTime "14:17:43 PST"]
[Termination "Game drawn by stalemate"]

1. e4 e6 2. d4 a6 3. Nc3 b5 4. Bd3 Bb7 5. Nf3 Nf6 6. a3 d6 7. O-O Be7 8. Qe2 Nbd7 9. Re1 c5 10. d5 e5 11. b3 Rc8 12. Qd1 O-O 13. Bb2 Nb6 14.
Bf1 Ne8 15. Ne2 f5 16. exf5 Rxf5 17. Ng3 Rf8 18. c4 Nf6 19. Rc1 bxc4 20. bxc4 Qd7 21. Bd3 Qa4 22. Qe2 Qe8 23. Ne4 Rb8 24. Nxf6+ Bxf6 25. Qe4 g6 26. Rcd1 Bc8 27. Qe2 Bg4 28. Bc1 Bg7 29.
Be4 Na4 30. Rd3 Rf7 31. h3 Bxf3 32. Rxf3 Rxf3 33. Qxf3 Qf7 34. Qxf7+ Kxf7 35. f4 Nc3 36. fxe5 Bxe5 37. Rf1+ Kg7 38. Bd3 Rf8 39. Bh6+ Kxh6 40.
Rxf8 a5 41. Ra8 a4 42. Bc2 Bd4+ 43. Kf1 Ne4 44. Bxa4 Nd2+ 45. Ke2 Nxc4 46. Bd7 Nb6 47.
Rd8 Nxd5 48. Be6 Nc3+ 49. Kd3 Kg5 50. Bg8 Kf6 51. Rxd6+ Ke5 52. Rd8 Nb5 53. Bxh7 Nxa3 54. Bxg6 c4+ 55. Kd2 c3+ 56. Kc1 Nb5 57. Bc2 Be3+ 58.
Kd1 Nd4 59. Rxd4 Kxd4 60. Ke2 Bd2 61. g4 Ke5 62. h4 Kf6 63. g5+ Bxg5 64. Kf3 Bxh4 65.
Ke4 Be1 66. Kd3 Bd2 67. Ke2 Ke5 68. Kd1 Kd4 69. Bd3 Kxd3 1/2-1/2

[Event "Late-Titled-Tuesday-Blitz-February-20-2024"]
[Site "Chess.com"]
[Date "2024.02.20"]
[Round "2"]
[White "OparinGrigoriy"]
[Black "Atanejhad"]
[Result "0-1"]
[WhiteElo "2967"]
[BlackElo "2437"]
[TimeControl "180+1"]
[EndTime "14:17:44 PST"]
[Termination "Atanejhad won by checkmate"]

1. g3 Nf6 2. Bg2 g6 3. c4 Bg7 4.
Nc3 d6 5. e4 O-O 6. Nge2 e5 7.
O-O c5 8. d3 Nc6 9. f4 Nd4 10. h3 Ne8 11. Nd5 Nc7 12. Nxd4 cxd4 13. Nxc7 Qxc7 14. f5 f6 15. b3 Bd7 16. Ba3 Rfd8 17. h4 b5 18. Bh3 Be8 19. Rc1 Qa5 20. Bb2 Qxa2 21. Rf2 Qa6 22. fxg6 hxg6 23. Be6+ Bf7 24. Qg4 Qb7 25. cxb5 Bxe6 26. Qxe6+ Qf7 27. Qxf7+ Kxf7 28. Rc7+ Kg8 29. Ba3 Rab8 30. Rxa7 Rxb5 31. Rb2 Bf8 32. Kf2 Rc8 33. Ke2 Rc3 34. b4 d5 35. exd5 Rxd5 36. Ra2 f5 37. Bc1 Rxc1 38.
R2a6 Rd6 39. Ra5 Re6 40. Ra8 Rc7 41. Rd5 Rf7 42. b5 Kg7 43. Rb8 e4 44. Rxd4 exd3+ 45. Kxd3 Rd6 46. b6 Rxd4+ 47. Kxd4 Rf6 48. Kc4 Bd6 49.
Rd8 Bxg3 50. b7 Rb6 51. Rd7+ Kf6 52. Kc5 Rb3 53. Kc6 Bxh4 54. Rd6+ Kg5 55. Rd3 Rb2 56. Kc7 f4 57. b8=Q Rxb8 58. Kxb8 Kg4 59. Rd4 g5 60. Kc7 Kh3 61. Rd3+ Kg2 62. Rd2+ Kg3 63. Kd6 f3 64. Rd3 Kg2 65. Ke5 f2 66. Rd2 Kg1 67. Rd1+ f1=Q 68. Rxf1+ Kxf1 69. Kf5 Kg2 70. Kg4 Kf2 71. Kh3 Kf3 72.
Kh2 g4 73. Kh1 g3 74. Kg1 Bg5 75. Kh1 g2+ 76. Kg1 Be3+ 77. Kh2 g1=Q+ 78. Kh3 Qg3# 0-1

[Event "Late-Titled-Tuesday-Blitz-February-20-2024"]
[Site "Chess.com"]
[Date "2024.02.20"]
[Round "2"]
[White "FREZZY23"]
[Black "Horokoskii"]
[Result "0-1"]
[WhiteElo "2418"]
[BlackElo "2118"]
[TimeControl "180+1"]
[EndTime "14:17:46 PST"]
[Termination "Horokoskii won by resignation"]

1. c4 Nf6 2. g3 g6 3. Bg2 Bg7 4. Nc3 d6 5. Nf3 O-O 6. O-O e5 7. d4 c6 8. dxe5 dxe5 9. Qxd8 Rxd8 10. Nxe5 Re8 11. Nf3 Be6 12. Nd2 Nbd7 13. Rb1 Rad8 14. b3 Nc5 15. b4 Bf5 16. bxc5 Bxb1 17. Ndxb1 Nd7 18. Be3 Ne5 19. Ne4 Nxc4 20. Bg5 Rd7 21. Rc1 Ne5 22. Nd6 Rb8 23. Nc3 h6 24. Bf4 g5 25.
Be3 Ng4 26. Bh3 f5 27. Nd1 Nxe3 28. Nxe3 g4 29. Bg2 f4 30. Nef5 fxg3 31. hxg3 Be5 32. Nxh6+ Kg7 33. Rd1 Kxh6 34. Nf5+ Kg5 35. Rxd7 Kxf5 36. Rf7+ Ke6 37. Rh7 b6 38. Bxc6 bxc5 39.
Bd7+ Kd6 40. Bxg4 Rb2 41. a4 a5 42. Ra7 Bc3 43. Kg2 Bb4 44. Kf3 c4 45. Bf5 c3 46.
Ra6+ Ke5 47. Kg4 Rxe2 48. f4+ Kd4 49. Rc6 Ra2 50. Kg5 Rxa4 51. g4 Kd5 52. Rc8 Bd6 53. Bg6 Bxf4+ 54. Kh5 Bd2 55. Bf7+ Ke5 56. g5 Rf4 57. g6 Kf6 58. Rc6+ Kg7 59. Kg5 Rc4+ 0-1